 Dungeon Crawl Stone Soup version 0.22.1-2-g9c5b331 (webtiles) character file.

182 Fang the Chopper (level 5, -2/33 HPs)
             Began as a Gargoyle Berserker on Dec 17, 2018.
             Was a Believer of Trog.
             Splashed by Ijyb's acid (9 damage)
             ... on level 4 of the Dungeon.
             The game lasted 00:02:24 (2490 turns).

Fang the Chopper (Gargoyle Berserker)               Turns: 2490, Time: 00:02:24

Health: -2/33      AC:  9    Str: 22    XL:     5   Next: 61%
Magic:  5/5        EV:  8    Int:  7    God:    Trog [**....]
Gold:   108        SH:  0    Dex:  9    Spells: 4/4 levels left

rFire    . . .     SeeInvis .   a - +0 hand axe
rCold    . . .     Gourm    .   (no shield)
rNeg     + . .     Faith    .   d - +0 chain mail
rPois    ∞         Spirit   .   (no helmet)
rElec    +         Reflect  .   (no cloak)
rCorr    .         Harm     .   (no gloves)
MR       .....                  (no boots)
Stlth    ..........             (no amulet)
HPRegen  0.11/turn              (no ring)
MPRegen  0.09/turn              (no ring)

@: corroded
A: negative energy resistance 1, electricity resistance, unbreathing,
petrification resistance, rot immunity, AC +4
a: Berserk, Trog's Hand, Renounce Religion


You were on level 4 of the Dungeon.
You worshipped Trog.
Trog was pleased with you.
You were not hungry.

You visited 1 branch of the dungeon, and saw 4 of its levels.

You collected 108 gold pieces.

Inventory:

Hand Weapons
 a - a +0 hand axe (weapon)
Armour
 d - a +0 chain mail (worn)
Scrolls
 b - a scroll of teleportation {unknown}
 e - 7 scrolls of identify {unknown}
 g - 7 scrolls of remove curse {unknown}
 l - a scroll of magic mapping {unknown}
 n - a scroll of noise {unknown}
Potions
 f - 3 potions of heal wounds {unknown}
 h - 2 potions of might {unknown}
 i - a potion of mutation {unknown}
 j - a potion of curing {unknown}
 k - a potion of ambrosia {unknown}
 m - a potion of brilliance {unknown}
Comestibles
 c - 6 rations
 o - a chunk of flesh


   Skills:
 + Level 4.1 Fighting
 + Level 4.2 Axes
 + Level 3.3 Armour
 + Level 2.3 Dodging
 + Level 0.2 Stealth


You had 4 spell levels left.
You didn't know any spells.
Your spell library was empty.

Dungeon Overview and Level Annotations

Branches:
Dungeon (4/15)
 Temple: D:4-7

Altars:
Trog
Wu Jian

Annotations:
D:4 Ijyb


Innate Abilities, Weirdness & Mutations

You are resistant to torment.
Your stone body is resilient. (AC +4)
You are immune to poison.
You resist negative energy. (rN+)
You are resistant to electric shocks. (rElec)
You can survive without breathing.
You are immune to petrification.
You are immune to rotting.


Message History

Ijyb the Twisted Goblin comes into view.
She is wielding a club.
Ijyb shouts!
Ijyb is nearby!
A worker ant comes into view.
The worker ant twitches its antennae in your direction.
Ijyb hits you but does no damage.
You see here a hunting sling.
You closely miss Ijyb. Ijyb barely misses you.
You barely miss Ijyb.
Ijyb zaps a wand.
The bolt of acid hits you!
You are splashed with acid!
The acid burns!
It is a wand of acid (6).
You hit Ijyb but do no damage.
Ijyb screams, "It's all mine!"
Ijyb hits you but does no damage.
You hit Ijyb but do no damage. Ijyb barely misses you.
You hit the worker ant but do no damage.
You hit Ijyb. The worker ant misses you.
Ijyb zaps a wand.
The bolt of acid hits you!
* * * LOW HITPOINT WARNING * * *
The acid corrodes you!
You are splashed with acid!
The acid burns!
You die...

#..[.#..(#
#.#.#
#.####...#
...#.. ###
#....#
#.####.#
#.####.## #.
.# #.# #.# #
.. #.##.# #.
#...# . ##..#
#....#@#
#....#ag...#
#....#.......#
#....#.#......
#.?..#.#.###..
#....#...# .
... . ... .


You could see Ijyb and a worker ant.

Vanquished Creatures
  A scorpion (D:4)
  Terence (D:3)
  An adder (D:2)
  A gnoll (D:1)
  2 adder skeletons (D:4)
  2 dart slugs
  3 leopard geckos
  4 orcs
  5 bats
  2 giant cockroaches
  6 goblins
  6 hobgoblins
  6 jackals
  8 kobolds
  3 quokkas (D:2)
  3 ball pythons
  12 rats
66 creatures vanquished.

Notes
Turn   | Place    | Note
-------+----------+-------------------------------------------
     0 | D:1      | Fang the Gargoyle Berserker began the quest for the Orb.
     0 | D:1      | Reached XP level 1. HP: 14/14 MP: 1/1
    15 | D:1      | Reached XP level 2. HP: 12/19 MP: 2/2
   277 | D:1      | Reached XP level 3. HP: 24/24 MP: 3/3
   509 | D:1      | Reached ** piety under Trog
   886 | D:2      | Found a faded altar of an unknown god.
   936 | D:2      | Found a bloodstained altar of Trog.
   979 | D:2      | Reached XP level 4. HP: 29/29 MP: 4/4
  1719 | D:3      | Found an ornate altar of the Wu Jian Council.
  2127 | D:3      | Noticed Terence
  2164 | D:3      | Killed Terence
  2164 | D:3      | Reached XP level 5. HP: 24/33 MP: 5/5
  2483 | D:4      | Noticed Ijyb
  2490 | D:4      | Splashed by Ijyb's acid

Skill      XL: |  1  2  3  4  5 |
---------------+----------------+-----
Axes           | 3 4 |  4.2
Dodging        | 2 |  2.3
Fighting       | 4 |  4.1
Armour         | 3 |  3.3
Stealth        | |  0.2

Action                   |  1- 3 |  4- 6 || total
-------------------------+-------+-------++-------
Melee: Hand axe          |   117 |   161 ||   278
Invok: Berserk           |     1 |       ||     1
  Eat: Chunk             |     1 |     5 ||     6
Armor: Animal skin       |     9 |       ||     9
       Chain mail        |    52 |   123 ||   175
Dodge: Dodged            |    81 |    60 ||   141
